 Dungeon Crawl Stone Soup version 0.29.0-13-gc9e81de378 (webtiles) character file.

Game seed: 11749307888279290344

229 Ofeo the Digger (level 6, 0/45 HPs)
             Began as a Meteoran Earth Elementalist on Sept 8, 2022.
             Slain by an ice beast (4 damage)
             ... on level 5 of the Dungeon.
             The game lasted 00:07:42 (741 turns).

Ofeo the Digger (Meteoran Earth Elementalist)        Turns: 741, Time: 00:07:42

Health: 0/45       AC:  2    Str: 10    XL:     6   Next: 48%
Magic:  7/13       EV: 14    Int: 19    God:
Gold:   48         SH:  0    Dex: 20    Spells: 2/13 levels left

rFire   + . .      SeeInvis .   (no weapon)
rCold   + . .      Faith    .   (no shield)
rNeg    . . .      Spirit   .   a - +0 robe
rPois   +          Reflect  .   (helmet restricted)
rElec   +          Harm     .   (no cloak)
rCorr   +          Rampage  .   (no gloves)
Will    .....      Clarity  +   (no boots)
Stlth   +.........              e - amulet of regeneration
HPRegen 0.00/turn               c - +6 ring of dexterity
MPRegen 0.13/turn               (no ring)

@: resistant, flying, very slightly contaminated, inhibited regen, glowing
A: sense surroundings 1, otherworldly, glowing, explore regen, horns 1, clarity,
inhibited regeneration
a: no special abilities


You were on level 5 of the Dungeon.
You visited 1 branch of the dungeon, and saw 5 of its levels.

You collected 48 gold pieces.

Inventory:

Armour
 a - a +0 robe (worn)
 f - a +0 ring mail
 l - a +0 helmet
Jewellery
 c - a +6 ring of dexterity (left hand)
 e - an amulet of regeneration (around neck)
Wands
 o - a wand of polymorph (13)
Scrolls
 h - 3 scrolls of noise
 i - 3 scrolls of identify {@r1}
 p - a scroll of blinking {unknown}
 r - a scroll of vulnerability {unknown}
Potions
 b - a potion of magic
 d - a potion of cancellation
 k - a potion of might {@q4}
 q - a potion of curing {@q1}
 s - a potion of lignification {unknown}


   Skills:
 + Level 3.8 Dodging
 + Level 2.4 Stealth
 + Level 4.1 Spellcasting
 + Level 3.1 Transmutations
 + Level 4.7 Earth Magic


You had 2 spell levels left.
You knew the following spells:

 Your Spells              Type           Power      Damage    Failure   Level
a - Sandblast             Erth           42%        2d11      1%          1
b - Shock                 Conj/Air       12%        1d3       14%         1
c - Passwall              Tmut/Erth      15%        N/A       4%          2
d - Stone Arrow           Conj/Erth      24%        3d8       16%         3
e - Petrify               Tmut/Erth      18%        N/A       26%         4

Your spell library contained the following spells:

 Spells                   Type           Power      Damage    Failure   Level
 Ignite Poison            Fire/Tmut/Pois 7%         N/A       26%         3
 Mephitic Cloud           Conj/Pois/Air  3%         N/A       38%         3
 Swiftness                Air            3%         N/A       38%         3
 Airstrike                Air            1%         2d(1-17)  80%         4
 Freezing Cloud           Conj/Ice/Air   1%         6-21      98%         5


Dungeon Overview and Level Annotations

Branches:
Dungeon (5/15) Zot: 2244
 Temple: D:4-7

Altars:

Annotations:
D:3 Jessica


Innate Abilities, Weirdness & Mutations

You passively map a small area around you.
You are easily found by Zot.
You glow in the dark.
You regain HP and MP as you explore.
You have a pair of small horns on your head.
You possess an exceptional clarity of mind.
You do not regenerate when monsters are visible.


Message History

Press: ? - help, Shift-Dir - straight line, f/p - ice beast
Aim: an ice beast (68% to hit)
You miscast Stone Arrow.
Sparks fly from your hands. The ice beast closely misses you.
You take 5 damage, and have 32/45 hp.
You now have 7/13 mp.
Casting: Stone Arrow (dangerous; 16% risk of failure)
Confirm with . or Enter, or press ? or * to list all spells.
Aiming: Sandblast (safe; 1% risk of failure)
Press: ? - help, Shift-Dir - straight line, f/p - ice beast
Aim: an ice beast (83% to hit)
The blast of sand hits the ice beast.
The ice beast is lightly wounded.
The ice beast hits you but does no damage.
The ice beast hits you. The ice beast freezes you!
You take 14 damage, and have 18/45 hp.
MASSIVE DAMAGE!!
You now have 6/13 mp.
Okay, then.
Okay, then.
Okay, then.
The air fills with toxic fumes!
As you read the scroll labelled TIWOCOP WOTEEN, it crumbles to dust.
It was a scroll of poison.
The ice beast hits you. The ice beast freezes you!
* * * LOW HITPOINT WARNING * * *
You take 12 damage, and have 6/45 hp.
MASSIVE DAMAGE!!
It was a potion of resistance.
You feel protected.
The ice beast hits you but does no damage.
It was a potion of flight.
You feel very buoyant.
You fly up into the air.
The ice beast closely misses you.
It was a potion of mutation.
You feel extremely strange.
Your regeneration stops near monsters.
A pair of horns grows on your head!
Your +0 helmet falls away!
Your thoughts seem clearer.
The ice beast hits you.
* * * LOW HITPOINT WARNING * * *
The ice beast freezes you. You resist.
You die...

, , , . *###########
.##.§§§§#§§§## ,
....§§§§§§§§§# ,
,*#.§§§§§§§§§# ,
#[§§§§§§§§§#
,,+.§§§§§§Y§§## ,
,#.§§§§§§§@§§# * , ,
#.§§###§§#§§########
#...# ####§§§§§....#
~ #######...#
#§§§§§§§.##§
,#.....'...#
#§§§§§§§##≈≈
#.....#...#
#§§§§§§##≈§§
#.....#...# #§§§§§##
≈# #.....#...#
#§§§§##≈≈≈* ,
#.....#...#
#...##≈≈≈##


You could see an ice beast.

Vanquished Creatures
  2 scorpions
  A jelly (D:5)
  5 adders
  A white imp (D:4)
  A worm (D:4)
  2 endoplasms
  5 hobgoblins
  A kobold (D:2)
  A quokka (D:4)
  5 ball pythons
  A bat (D:3)
  2 frilled lizards (D:1)
  2 rats
29 creatures vanquished.

Notes
Turn   | Place    | Note
-------+----------+-------------------------------------------
     0 | D:1      | Ofeo the Meteoran Earth Elementalist began the quest for
                  | the Orb.
     0 | D:1      | Reached XP level 1. HP: 14/14 MP: 5/5
    88 | D:1      | Learned a level 1 spell: Shock
   176 | D:2      | Reached XP level 2. HP: 17/20 MP: 2/6
   184 | D:2      | Learned a level 2 spell: Passwall
   277 | D:3      | Noticed Jessica
   282 | D:4      | Reached XP level 3. HP: 26/26 MP: 4/8
   308 | D:5      | Entered Level 5 of the Dungeon
   434 | D:3      | Reached XP level 4. HP: 33/33 MP: 6/9
   491 | D:5      | Noticed a scorpion
   503 | D:5      | Killed a scorpion
   504 | D:5      | Reached XP level 5. HP: 20/38 MP: 2/11
   543 | D:5      | Noticed an ice beast
   573 | D:5      | Noticed an ice beast
   573 | D:5      | Noticed a necrophage
   602 | D:4      | Reached XP level 6. HP: 16/45 MP: 7/13
   636 | D:4      | Learned a level 3 spell: Stone Arrow
   641 | D:4      | Learned a level 4 spell: Petrify
   727 | D:5      | Noticed an ogre
   727 | D:5      | Noticed an ogre
   741 | D:5      | Gained mutation: You do not regenerate when monsters are
                  | visible. [potion of mutation]
   741 | D:5      | Gained mutation: You have a pair of small horns on your
                  | head. [potion of mutation]
   741 | D:5      | Gained mutation: You possess an exceptional clarity of
                  | mind. [potion of mutation]
   741 | D:5      | Slain by an ice beast

Illustrated notes

Levels and vault maps discovered:
D:1:      dpeg_arrival_circle_labyrinth_c, layout_basic, minmay_quantized
D:2:      layout_basic, chequers_ecumenical_altar_island,
          minmay_gold_behind_fungi
D:3:      layout_rooms, minmay_pentangle, uniq_jessica
D:4:      layout_rooms, minmay_misc_feat_more_columns
D:5:      layout_gridville, kennysheep_opposing_triangles

Skill      XL: |  1  2  3  4  5 |
---------------+----------------+-----
Spellcasting   | 3 4 |  4.1
Earth Magic    | 4 |  4.7
Dodging        | 3 |  3.8
Transmutations | 2 3 |  3.1
Stealth        | 2 |  2.4

Action                   |  1- 3 |  4- 6 || total
-------------------------+-------+-------++-------
Melee: Unarmed           |       |     4 ||     4
 Cast: Sandblast         |    28 |    34 ||    62
  Use: Scroll            |     5 |     2 ||     7
       Potion            |       |     8 ||     8
Armor: Robe              |     3 |     9 ||    12
Dodge: Dodged            |     9 |    19 ||    28
